 Dungeon Crawl Stone Soup version 0.22-a0-750-ga7dcef7 (webtiles) character file.

60 Amnesiac the Digger (level 3, 14/24 HPs)
             Began as a Demonspawn Earth Elementalist on July 16, 2018.
             Quit the game on level 2 of the Dungeon.
             The game lasted 00:02:01 (899 turns).

Amnesiac the Digger (Demonspawn Earth Elementalist)  Turns: 899, Time: 00:02:01

Health: 14/24      AC:  2    Str:  8    XL:     3   Next: 80%
Magic:  2/7        EV: 12    Int: 17    God:
Gold:   54         SH:  0    Dex: 13    Spells: 6/7 levels left

rFire    . . .     SeeInvis .   e - -1 dagger (curse)
rCold    . . .     Gourm    .   (no shield)
rNeg     . . .     Faith    .   c - +0 robe
rPois    .         Spirit   .   (no helmet)
rElec    .         Reflect  .   (no cloak)
rCorr    .         Harm     .   (no gloves)
MR       .....                  (no boots)
Stlth    ++........             (no amulet)
HPRegen  0.08/turn              (no ring)
MPRegen  0.10/turn              (no ring)

@: very slightly contaminated
A: hooves 1, spiny 1
a: no special abilities


You were on level 2 of the Dungeon.
You were not hungry.

You visited 1 branch of the dungeon, and saw 3 of its levels.

You collected 54 gold pieces.

Inventory:

Hand Weapons
 e - a cursed -1 dagger (weapon)
 i - a +1 dagger of venom
Missiles
 b - 69 stones (quivered)
Armour
 c - a +0 robe (worn)
 f - a +0 buckler
Jewellery
 g - an uncursed ring of protection from cold {unknown}
Potions
 h - a potion of curing {!q}
Comestibles
 a - 2 chunks of flesh
 d - 3 rations


   Skills:
 - Level 1.7 Dodging
 - Level 1.7 Stealth
 + Level 2.7 Spellcasting
   Level 0.8 Transmutations
 * Level 3.9 Earth Magic


You had 6 spell levels left.
You knew the following spells:

 Your Spells              Type           Power        Failure   Level  Hunger
a - Sandblast             Erth           ###...       3%          1    #......

Your spell library contained the following spells:

 Spells                   Type           Power        Failure   Level  Hunger
 Stone Arrow              Conj/Erth      #.....       24%         3    ###....
 Passwall                 Tmut/Erth      ##......     11%         2    ##.....
 Lee's Rapid Deconstruct  Erth           ###.......   69%         5    ######.
 Petrify                  Tmut/Erth      ##......     56%         4    #####..


Dungeon Overview and Level Annotations

Branches:
Dungeon (3/15)

Altars:


Innate Abilities, Weirdness & Mutations

You have large cloven feet.
You are partially covered in sharp spines.


Message History

The crimson imp barely misses you.
You hit the crimson imp but do no damage.
The crimson imp barely misses you.
You hit the crimson imp.
The crimson imp is lightly wounded.
The crimson imp blinks!
The crimson imp hits you but does no damage.
You hit the crimson imp.
The crimson imp is lightly wounded.
The crimson imp blinks!
No target in view!
No target in view!
You start resting.
The crimson imp is too close now for your liking.
The crimson imp is struck by your spines.
The crimson imp hits you.
You hit the crimson imp but do no damage.
The crimson imp is lightly wounded.
The crimson imp blinks!
The crimson imp barely misses you.
You barely miss the crimson imp. The crimson imp barely misses you.
You closely miss the crimson imp.
The crimson imp hits you but does no damage.
You completely miss the crimson imp.
The crimson imp hits you but does no damage.
You closely miss the crimson imp. The crimson imp closely misses you.
You closely miss the crimson imp. The crimson imp closely misses you.
You barely miss the crimson imp.
The crimson imp is struck by your spines.
The crimson imp hits you.
You hit the crimson imp but do no damage.
The crimson imp is lightly wounded.
The crimson imp hits you.
You completely miss the crimson imp.
The crimson imp blinks!
Casting: Sandblast (safe; 4% risk of failure)
Confirm with . or Enter, or press ? or * to list all spells.
Aiming: Sandblast (safe; 4% risk of failure)
Press: ? - help, Shift-Dir - straight line, f - crimson imp
Aim: a crimson imp The blast of sand hits the crimson imp.
The crimson imp is severely wounded.
b - 70 stones
Casting: Sandblast (safe; 4% risk of failure)
Confirm with . or Enter, or press ? or * to list all spells.
Aiming: Sandblast (safe; 4% risk of failure)
Press: ? - help, Shift-Dir - straight line, f/p - crimson imp
Aim: a crimson imp (heavily wounded)
You miscast Sandblast.
You are very lightly contaminated with residual magic.
Nothing appears to happen.
Casting: Sandblast (safe; 4% risk of failure)
Confirm with . or Enter, or press ? or * to list all spells.
Aiming: Sandblast (safe; 4% risk of failure)
Press: ? - help, Shift-Dir - straight line, f/p - crimson imp
Aim: a crimson imp (heavily wounded)
The blast of sand hits the crimson imp.
You kill the crimson imp!
You have reached level 3!
Your experience leads to an increase in your attributes!
Increase (S)trength, (I)ntelligence, or (D)exterity?
You feel clever.
Your demonic ancestry asserts itself...
Your feet thicken and deform.
b - 69 stones Are you sure you want to abandon this character and quit the game? (Confirm with "yes".)

## .. #. . #. ##...
. ##.#######......
..###...............
......#..#####......
.........#### ##...
.....#.@....# ..
..##.#...##.# [.
........###.### .#
.###..........# .#
####.###.#.# .# #
#.# #.#.# .## .. #>#
#.#.####..####
#.#.###.............
#...............####


There were no monsters in sight!

Vanquished Creatures
  A crimson imp (D:2)
  3 dart slugs (D:1)
  A hobgoblin (D:3)
  5 jackals
  3 kobolds
  2 ball pythons (D:1)
  A frilled lizard (D:2)
  A goblin (D:1)
  3 rats (D:1)
20 creatures vanquished.

Notes
Turn   | Place    | Note
-------+----------+-------------------------------------------
     0 | D:1      | Amnesiac the Demonspawn Earth Elementalist began the quest for the Orb.
     0 | D:1      | Reached XP level 1. HP: 13/13 MP: 3/3
    82 | D:1      | Reached skill level 3 in Earth Magic
   121 | D:1      | Gained mutation: You are partially covered in sharp spines. [demonic ancestry]
   121 | D:1      | Reached XP level 2. HP: 4/19 MP: 0/5
   819 | D:3      | Noticed an ogre
   868 | D:2      | Noticed a crimson imp
   898 | D:2      | Killed a crimson imp
   898 | D:2      | Gained mutation: You have large cloven feet. [demonic ancestry]
   898 | D:2      | Reached XP level 3. HP: 14/24 MP: 2/7
   899 | D:2      | Quit the game

Vault maps used:
D:1:      shiori_arrival_oz
D:2:      uniq_crazy_yiuf_cottage
D:3:      chequers_temple_overflow_statue_of_worship, first_ration,
          hangedman_abyss_or_decor_stabs, nrook_uturn

Skill      XL: |  1 |
---------------+----+-----
Earth Magic    | 3 |  3.9
Dodging        | |  1.7
Stealth        | |  1.7
Spellcasting   | |  2.7
Transmutations | |  0.8

Action                   || total
-------------------------++-------
Melee: Dagger            ||    72
       Unarmed           ||     4
 Cast: Sandblast         ||    10
  Use: Scroll            ||     1
 Stab: Sleeping          ||     1
Armor: Robe              ||     8
Dodge: Dodged            ||    49

Table legend:
 A = Spawn XP
 B = Non-spawn XP
 C = Spawn XP percentage of total XP
 D = Spawn monster count
 E = Non-spawn monster count
 F = Spawn count percentage of total count
 G = Total turns spent on level
                    A         B        C        D         E        F      G
               +---------+---------+-------+---------+---------+-------+---------
         Total |       0 |      86 |   0.0 |       0 |      20 |   0.0 |   899
               +---------+---------+-------+---------+---------+-------+---------
           D:1 |       0 |      25 |   0.0 |       0 |      12 |   0.0 |   560
           D:2 |       0 |      52 |   0.0 |       0 |       3 |   0.0 |   161
           D:3 |       0 |       9 |   0.0 |       0 |       5 |   0.0 |   178
               +---------+---------+-------+---------+---------+-------+---------
